 Dungeon Crawl Stone Soup version 0.31-a0-229-g1fc7ce93e2 (webtiles) character file.

Game seed: 16957980453577519108

184 qw the Shooter (level 5, -13/30 HPs)
             Began as a Gargoyle Hexslinger on July 6, 2023.
             Mangled by an ogre
             ... wielding a +0 giant club
              (27 damage)
             ... on level 4 of the Dungeon.
             The game lasted 00:01:04 (2763 turns).

qw the Shooter (Gargoyle Hexslinger)                Turns: 2763, Time: 00:01:05

Health: -13/30     AC: 11    Str: 11    XL:     5   Next: 64%
Magic:  6/6        EV: 10    Int: 14    God:
Gold:   144        SH:  0    Dex: 14    Spells: 5/6 levels left

rFire   . . .        Y - +0 shortbow (elec)
rCold   . . .        (shield currently unavailable)
rNeg    + . .        f - +0 ring mail
rPois   inf          j - +0 helmet
rElec   +            (no cloak)
rCorr   .            l - +0 pair of gloves
SInv    .            (no boots)
Will    .....        (no amulet)
Stlth   +            (no ring)
HPRegen 0.25/turn    (no ring)
MPRegen 0.10/turn

%: no passive effects
@: no status effects
A: sickness immunity, AC +4, negative energy resistance 1, electricity
resistance, torment resistance 1, petrification resistance
a: no special abilities


You were on level 4 of the Dungeon.
You visited 1 branch of the dungeon, and saw 4 of its levels.

You collected 180 gold pieces.
You spent 36 gold pieces at shops.


Innate Abilities, Weirdness & Mutations

You are immune to sickness and miasma.
Your stone body is resilient. (AC +4)
You are immune to poison.
You resist negative energy. (rN+)
You are resistant to electric shocks. (rElec)
You are resistant to unholy torment.
You are immune to petrification.


   Skills:
 + Level 2.1 Fighting
 - Level 5.2 Ranged Weapons
 - Level 1.0 Armour
 - Level 1.5 Dodging
 - Level 1.0 Spellcasting
 - Level 2.6 Hexes


You had 5 spell levels left.
You knew the following spells:

 Your Spells              Type           Power      Damage    Failure   Level
a - Slow                  Hex            32%        N/A       21%         1

Your spell library contained the following spells:

 Spells                   Type           Power      Damage    Failure   Level
 Inner Flame              Hex/Fire       4%         N/A       71%         3
 Portal Projectile        Hex/Tloc       8%         N/A       71%         3
 Cause Fear               Hex            4%         N/A       90%         4

Inventory:

Hand Weapons
 Y - a +0 shortbow of electrocution (weapon)
Armour
 f - a +0 ring mail (worn)
 j - a +0 helmet (worn)
 l - a +0 pair of gloves (worn)
Scrolls
 a - a scroll of identify
 b - a scroll of teleportation
Potions
 c - a potion of heal wounds
 e - a potion of might {unknown}
 g - a potion of mutation {unknown}
 i - a potion of resistance {unknown}
 k - a potion of brilliance {unknown}

Dungeon Overview and Level Annotations

Branches:
Dungeon (4/15)             Temple (0/1) D:4

Altars:

Shops:
D:1 *   D:3 =(


Message History

You shoot an arrow. The arrow hits the sleepcap.
The sleepcap is lightly damaged.
The sleepcap releases spores at you but does no damage.
The sleepcap closely misses you.
You shoot an arrow. The arrow hits the sleepcap.
Lightning courses through the sleepcap!
The sleepcap is severely damaged.
The sleepcap releases spores at you but does no damage.
You shoot an arrow.
The arrow hits the sleepcap but does no damage.
The sleepcap is severely damaged.
You hear a shout!
An ogre comes into view. It is wielding a +0 giant club.
The sleepcap releases spores at you but does no damage.
You shoot an arrow. The arrow hits the sleepcap.
The sleepcap is almost destroyed.
The sleepcap closely misses you. The sleepcap releases spores at you.
You shoot an arrow.
The arrow hits the sleepcap but does no damage.
The sleepcap is almost destroyed.
The sleepcap barely misses you.
You shoot an arrow. The arrow hits the sleepcap.
The sleepcap is almost destroyed.
The sleepcap misses you.
You shoot an arrow.
The arrow hits the sleepcap but does no damage.
Lightning courses through the sleepcap!!
You destroy the sleepcap!
The ogre hits you with a +0 giant club!
Your Ranged Weapons skill increases to level 5!
You shoot an arrow.
The arrow hits the ogre but does no damage.
The ogre misses you.
You shoot an arrow. The arrow barely misses the ogre.
The arrow hits the iguana.
The iguana is lightly wounded.
You shoot an arrow. The arrow hits the ogre.
The ogre is lightly wounded.
The ogre hits you with a +0 giant club!!
Ouch! That really hurt!
You die...

#########
...############.......#
#...lO@..............#
###.)##.##.##.##.#...#
#.. #############..#
... #...# ### ##..#
#...# # ##.###
.##.#..).. ..........


You could see an ogre and an iguana.

Vanquished Creatures
  An iguana (D:3)
  2 sleepcaps (D:4)
  Robin (D:3)
  2 adders (D:2)
  2 worms
  An orc (D:4)
  3 endoplasms
  3 giant cockroaches
  12 goblins
  7 hobgoblins
  4 jackals (D:2)
  4 quokkas
  9 ball pythons
  6 bats
  4 frilled lizards
  2 kobolds
  5 rats
68 creatures vanquished.

Notes
Turn   | Place    | Note
-------+----------+-------------------------------------------
     0 | D:1      | qw the Gargoyle Hexslinger began the quest for the Orb.
     0 | D:1      | Reached XP level 1. HP: 12/12 MP: 2/2
     0 | D:1      | 0 ||| qw: Version: 0.3-a-46-gb1f654a
     0 | D:1      | 0 ||| qw: Game counter: 1716
     0 | D:1      | 0 ||| qw: Melee chars always use a shield: true
     0 | D:1      | 0 ||| qw: God list: Okawaru
     0 | D:1      | 0 ||| qw: Allow faded altars: false
     0 | D:1      | 0 ||| qw: Do Orc after clearing Dungeon:15 true
     0 | D:1      | 0 ||| qw: Do second Lair branch before Depths: true
     0 | D:1      | 0 ||| qw: Lair rune preference: random
     0 | D:1      | 0 ||| qw: Goals: Normal
     0 | D:1      | 0 ||| PLANNING D:1-11
   193 | D:1      | Reached XP level 2. HP: 16/16 MP: 3/3
   285 | D:1      | Found a faded altar of an unknown god.
   477 | D:1      | Reached skill level 3 in Ranged Weapons
   662 | D:1      | Found Yppops's General Store.
   669 | D:1      | 669 ||| SHOPLISTING +1 hat (110 gold, have 30).
   669 | D:1      | 669 ||| SHOPLISTING +3 leather armour of willpower (240
                  | gold, have 30).
   718 | D:1      | 718 ||| UPGRADING to +0 ring mail.
   728 | D:1      | 728 ||| DROPPING +0 robe.
   729 | D:1      | 729 ||| READING 2 scrolls labelled KUSOIX AJIAF.
   730 | D:1      | 730 ||| READING scroll labelled CIRANKAASU.
   731 | D:1      | 731 ||| DROPPING scroll of poison.
   922 | D:2      | Noticed a scorpion
   970 | D:2      | Reached XP level 3. HP: 18/21 MP: 4/4
  1834 | D:2      | Reached XP level 4. HP: 20/26 MP: 5/5
  1861 | D:2      | 1861 ||| READING scroll labelled VAZYKK RE YCE.
  1862 | D:2      | 1862 ||| READING scroll labelled ILLOLE FANAOG.
  1863 | D:2      | 1863 ||| READING scroll labelled ZOZ YNNERUCKA.
  1866 | D:2      | 1866 ||| READING scroll labelled OSOWOEMAL.
  1891 | D:3      | 1891 ||| STAIRDANCE
  2097 | D:3      | Found Rokhlim's Jewellery Emporium.
  2109 | D:3      | 2109 ||| SHOPLISTING +5 ring of evasion (360 gold, have
                  | 125).
  2109 | D:3      | 2109 ||| SHOPLISTING amulet "Hunk" {Faith Rampage Dex+3}
                  | (533 gold, have 125).
  2109 | D:3      | 2109 ||| SHOPLISTING amulet of faith (400 gold, have 125).
  2109 | D:3      | 2109 ||| SHOPLISTING amulet of the acrobat (300 gold, have
                  | 125).
  2109 | D:3      | 2109 ||| SHOPLISTING ring "Ithruof" {rN+ MP+9 Str-5 Dex+3}
                  | (270 gold, have 125).
  2109 | D:3      | 2109 ||| SHOPLISTING ring of fire (250 gold, have 125).
  2109 | D:3      | 2109 ||| SHOPLISTING ring of ice (250 gold, have 125).
  2109 | D:3      | 2109 ||| SHOPLISTING ring of positive energy (200 gold,
                  | have 125).
  2109 | D:3      | 2109 ||| SHOPLISTING ring of protection from cold (250
                  | gold, have 125).
  2114 | D:3      | Reached skill level 4 in Ranged Weapons
  2219 | D:3      | Found Tulunt's Weapon Shoppe.
  2227 | D:3      | 2227 ||| BUYING +0 shortbow (36 gold).
  2227 | D:3      | Bought a +0 shortbow for 36 gold pieces
  2227 | D:3      | 2227 ||| SWAPPING to +0 shortbow.
  2228 | D:3      | 2228 ||| DROPPING +1 sling.
  2248 | D:3      | Reached skill level 1 in Armour
  2250 | D:3      | Noticed Robin
  2265 | D:3      | Killed Robin
  2529 | D:3      | 2529 ||| UPGRADING to +0 helmet.
  2534 | D:3      | 2534 ||| UPGRADING to +0 pair of gloves.
  2539 | D:3      | 2539 ||| READING scroll labelled EVIUNIURIU.
  2540 | D:3      | 2540 ||| DRINKING 2 fuming coppery potions.
  2585 | D:3      | 2585 ||| READING 2 scrolls of identify.
  2585 | D:3      | 2585 ||| IDENTIFYING bubbling cyan potion
  2586 | D:3      | 2586 ||| DROPPING potion of lignification.
  2628 | D:4      | 2628 ||| PLANNING SEWER
  2632 | D:4      | 2632 ||| STAIRDANCE
  2635 | D:3      | Reached XP level 5. HP: 25/30 MP: 6/6
  2661 | D:4      | Found a staircase to the Ecumenical Temple.
  2756 | D:4      | Noticed an ogre
  2761 | D:4      | Reached skill level 5 in Ranged Weapons
  2763 | D:4      | Mangled by an ogre

Levels and vault maps discovered:
D:1:      mainiacjoe_arrival_reflecting_pool, layout_loops_ring, serial_shops,
          shop, ebering_ecumenical_altar_hall
D:2:      layout_basic, nrook_campfire, lightli_corner_chamber
D:3:      layout_rooms, nicolae_overflow_hidden_temple, serial_shops, shop,
          shop, uniq_robin, uniq_ijyb
D:4:      layout_gridville, lemuel_mausoleum_altar_yredelemnul, temple_pool_b,
          lightli_sewer_entry_pipes, serial_shops, nicolae_shop_back_alley_shop,
          minmay_manual_macuahuitl

Skill      XL: |  1  2  3  4  5 |
---------------+----------------+-----
Ranged Weapons | 3 4 5 |  5.2
Fighting       | 2 |  2.1
Armour         | 1 |  1.0
Dodging        | |  1.5
Spellcasting   | |  1.0
Hexes          | |  2.6

Action                     |  1- 3 |  4- 6 || total
---------------------------+-------+-------++-------
   Fire: Sling             |   145 |    53 ||   198
         Shortbow          |       |    67 ||    67
    Use: Scroll            |     2 |     6 ||     8
         Potion            |       |     1 ||     1
 Armour: Robe              |    10 |       ||    10
         Ring mail         |    34 |    50 ||    84
  Dodge: Dodged            |    58 |    49 ||   107

Table legend:
 A = Non-vault XP
 B = Vault XP
 C = Vault XP percentage of total XP
 D = Non-vault monster count
 E = Vault monster count
 F = Vault count percentage of total count
                 A         B        C        D         E       F
            +---------+---------+-------+---------+---------+-------
      Total |     231 |      33 |  12.5 |      58 |      10 |  14.7
            +---------+---------+-------+---------+---------+-------
        D:1 |      25 |       0 |   0.0 |      18 |       0 |   0.0
        D:2 |      64 |       0 |   0.0 |      21 |       0 |   0.0
        D:3 |      67 |      28 |  29.5 |      16 |       8 |  33.3
        D:4 |      75 |       5 |   6.2 |       3 |       2 |  40.0
            +---------+---------+-------+---------+---------+-------
